 Dungeon Crawl Stone Soup version 0.28-a0-224-g76b539d98b (webtiles) character file.

Game seed: 16097369872896960772

2356 senseless the Covert (level 9, -1/58 (70) HPs)
             Began as a Gnoll Brigand on Aug 20, 2021.
             Was a Priest of Okawaru.
             Slain by a wight (6 damage)
             ... on level 8 of the Dungeon on Aug 21, 2021.
             The game lasted 00:29:26 (8483 turns).

senseless the Covert (Gnoll Brigand)                Turns: 8483, Time: 00:29:26

HP:   -1/58 (70)    AC:  6    Str: 10    XL:     9   Next: 44%
MP:   15/15         EV: 18    Int: 10    God:    Okawaru [***...]
Gold: 105           SH:  0    Dex: 18    Spells: 15/16 levels left

rFire   . . .      SeeInvis .   i - +2 dagger (venom)
rCold   . . .      Faith    .   (no shield)
rNeg    . . .      Spirit   .   b - +0 robe
rPois   .          Reflect  .   (no helmet)
rElec   .          Harm     .   w - scarf {+Inv}
rCorr   .          Rampage  .   r - +0 pair of gloves
Will    +....                   C - +2 pair of boots
Stlth   ++++......              (no amulet)
HPRegen 0.19/turn               E - ring of willpower
MPRegen 0.14/turn               J - +4 ring of evasion

@: heavily drained
A: fangs 1, strong nose, distributed training
a: Renounce Religion, Evoke Invisibility, Heroism


You were on level 8 of the Dungeon.
You worshipped Okawaru.
Okawaru was most pleased with you.
You visited 1 branch of the dungeon, and saw 8 of its levels.

You collected 384 gold pieces.
You spent 279 gold pieces at shops.

Inventory:

Hand Weapons
 a - a +2 dagger of electrocution
 i - a +2 dagger of venom (weapon)
 l - a +2 dagger of speed
Missiles
 d - 22 poisoned darts
 e - 2 curare-tipped darts
 h - 163 stones (quivered)
 n - 7 boomerangs
 v - 5 boomerangs of dispersal
 A - 6 atropa-tipped darts
 G - 8 javelins
Armour
 b - a +0 robe (worn)
 c - a +0 cloak
 r - a +0 pair of gloves (worn)
 w - a scarf of invisibility (worn)
 C - a +2 pair of boots (worn)
Jewellery
 E - a ring of willpower (left hand)
 J - a +4 ring of evasion (right hand)
Wands
 j - a wand of charming (7)
 y - a wand of polymorph (4)
 B - a wand of digging (8)
 D - a wand of mindburst (13)
 F - a wand of flame (22)
Scrolls
 k - a scroll of fog
 t - a scroll of magic mapping
 x - a scroll of fear
 H - a scroll of summoning
 M - a scroll of enchant weapon
Potions
 f - a potion of attraction
 g - a potion of berserk rage
 m - 2 potions of resistance
 o - 3 potions of flight
 p - 2 potions of lignification
 q - a potion of cancellation {unknown}
 u - 2 potions of curing
 z - 2 potions of haste
 K - a potion of heal wounds {unknown}
 L - a potion of magic {unknown}


   Skills:
 + Level 6.3 Fighting
 + Level 6.3 Short Blades
 + Level 4.2 Long Blades
 + Level 4.2 Axes
 + Level 4.2 Maces & Flails
 + Level 4.2 Polearms
 + Level 4.2 Staves
 + Level 4.2 Slings
 + Level 4.2 Bows
 + Level 4.2 Crossbows
 + Level 6.3 Throwing
 + Level 4.2 Armour
 + Level 5.0 Dodging
 + Level 9.0 Stealth
 + Level 4.2 Shields
 + Level 4.2 Unarmed Combat
 + Level 4.2 Spellcasting
 + Level 3.5 Conjurations
 + Level 3.5 Hexes
 + Level 3.5 Summonings
 + Level 3.5 Necromancy
 + Level 3.5 Translocations
 + Level 3.5 Transmutations
 + Level 3.5 Fire Magic
 + Level 3.5 Ice Magic
 + Level 3.5 Air Magic
 + Level 3.5 Earth Magic
 + Level 3.5 Poison Magic
 + Level 4.6 Invocations
 + Level 4.2 Evocations


You had 15 spell levels left.
You knew the following spells:

 Your Spells              Type           Power      Damage    Failure   Level
a - Magic Dart            Conj           36%        1d4       6%          1

Your spell library contained the following spells:

 Spells                   Type           Power      Damage    Failure   Level
 Blink                    Tloc           N/A        N/A       9%          2
 Searing Ray              Conj           18%        3d3       9%          2
 Conjure Flame            Conj/Fire      9%         6-21      19%         3
 Ignite Poison            Fire/Tmut/Pois 9%         N/A       19%         3
 Fulminant Prism          Conj/Hex       4%         3d6       52%         4
 Iskenderun's Mystic Bla  Conj/Tloc      9%         2d4       52%         4
 Sticky Flame             Conj/Fire      9%         2d3       52%         4
 Fireball                 Conj/Fire      4%         3d4       86%         5
 Lee's Rapid Deconstruct  Erth           4%         3d6*      86%         5
 Manifold Assault         Tloc           9%         N/A       86%         5
 Starburst                Conj/Fire      4%         6d4       100%        6
 Storm Form               Tmut/Air       4%         N/A       100%        7
 Ignition                 Fire           4%         3d4       100%        8


Dungeon Overview and Level Annotations

Branches:
Dungeon (8/15)             Temple (0/1) D:5
   Lair: D:8-11

Altars:
Okawaru

Shops:
D:3 *

Annotations:
D:5 2 transporters, p0werm0de's ghost, novice DjCK


Innate Abilities, Weirdness & Mutations

You have very sharp teeth.
Your uncanny sense of smell can sniff out nearby items.
Your experience applies equally to all skills.


Message History

You hit the wight.
The wight is almost destroyed.
The wight hits you with a +2 long sword!
The wight completely misses you.
You hit the wight but do no damage.
The wight is almost destroyed.
The wight closely misses you.
You closely miss the wight. You punch the wight, but do no damage.
The wight is almost destroyed.
The wight barely misses you.
You hit the wight but do no damage. You bite the wight, but do no damage.
The wight is almost destroyed.
The howler monkey howls!
You hear a shout! x3
The wight closely misses you. The wight hits you with a +4 halberd!
You completely miss the wight. Your bite misses the wight.
The wight is almost destroyed.
The wight hits you with a +2 long sword.
You feel drained.
You hit the wight but do no damage.
The wight is almost destroyed.
The wight barely misses you.
You hit the wight but do no damage.
The wight is almost destroyed.
The wight completely misses you. The wight closely misses you.
You closely miss the wight.
The wight is almost destroyed.
The wight closely misses you. The wight completely misses you.
An orc comes into view. It is wielding a +0 falchion.
The orc shouts!
You hit the wight but do no damage.
The wight is almost destroyed.
An orc comes into view. It is wielding a +0 club.
The wight closely misses you.
You hit the wight but do no damage.
The wight is almost destroyed.
The wight hits you with a +4 halberd!
You feel drained.
The wight hits you with a +2 long sword!
* * * LOW HITPOINT WARNING * * *
The wight hits you with a +4 halberd.
You die...

#o.. ......
#o..o ...(.
#.>o.
#.).####
....#......##
...#....#..#
#.#$.......
#.zzh..#
#.@.$.##.#
#.........
#..###....
##.. ... ....
. #....
#.###. ..# F#
.## .


You could see a howler monkey, 2 wights and 3 orcs.

Vanquished Creatures
  Grinder (D:4)
  A wyvern (D:7)
  2 water moccasins
  A black bear (D:5)
  A sky beast (D:7)
  An ogre (D:5)
  2 ice beasts
  2 centaurs (D:7)
  A phantom (D:5)
  2 bullfrogs (D:7)
  3 scorpions
  2 water moccasin skeletons
  A howler monkey (D:6)
  5 wights (D:7)
  A bullfrog zombie (D:5)
  A hound (D:6)
  3 centaur skeletons
  2 iguanas
  A killer bee zombie (D:7)
  A hound skeleton (D:5)
  2 gnolls
  3 adders
  3 shadow imps (D:7)
  A white imp (D:7)
  2 adder skeletons (D:4)
  2 worms
  5 dart slugs
  29 orcs
  4 bats
  8 endoplasms
  5 giant cockroaches
  11 goblins
  11 hobgoblins
  10 kobolds
  3 quokkas
  10 ball pythons
  2 frilled lizards
  5 rats
150 creatures vanquished.

Notes
Turn   | Place    | Note
-------+----------+-------------------------------------------
     0 | D:1      | senseless the Gnoll Brigand began the quest for the Orb.
     0 | D:1      | Reached XP level 1. HP: 20/20 MP: 1/1
   196 | D:1      | Reached XP level 2. HP: 26/26 MP: 2/2
   564 | D:1      | Reached XP level 3. HP: 31/31 MP: 3/3
   832 | D:2      | Reached skill level 1 in Long Blades
   832 | D:2      | Reached skill level 1 in Axes
   832 | D:2      | Reached skill level 1 in Maces & Flails
   832 | D:2      | Reached skill level 1 in Polearms
   832 | D:2      | Reached skill level 1 in Staves
   832 | D:2      | Reached skill level 1 in Slings
   832 | D:2      | Reached skill level 1 in Bows
   832 | D:2      | Reached skill level 1 in Crossbows
   832 | D:2      | Reached skill level 1 in Armour
   832 | D:2      | Reached skill level 1 in Shields
   832 | D:2      | Reached skill level 1 in Unarmed Combat
   832 | D:2      | Reached skill level 1 in Spellcasting
   832 | D:2      | Reached skill level 1 in Invocations
   832 | D:2      | Reached skill level 1 in Evocations
  1152 | D:2      | Reached XP level 4. HP: 38/38 MP: 5/5
  1235 | D:2      | Found a faded altar of an unknown god.
  1243 | D:2      | Became a worshipper of Warmaster Okawaru
  1243 | D:2      | Reached * piety under Okawaru
  1928 | D:3      | Found Rewnurum's Assorted Antiques.
  1954 | D:3      | Bought a scroll labelled QITEILEUNI for 31 gold pieces
  1954 | D:3      | Bought a scroll labelled GUCECO UFIACHELOG for 31 gold
                  | pieces
  2019 | D:3      | Reached skill level 1 in Conjurations
  2019 | D:3      | Reached skill level 1 in Hexes
  2019 | D:3      | Reached skill level 1 in Summonings
  2019 | D:3      | Reached skill level 1 in Necromancy
  2019 | D:3      | Reached skill level 1 in Translocations
  2019 | D:3      | Reached skill level 1 in Transmutations
  2019 | D:3      | Reached skill level 1 in Fire Magic
  2019 | D:3      | Reached skill level 1 in Ice Magic
  2019 | D:3      | Reached skill level 1 in Air Magic
  2019 | D:3      | Reached skill level 1 in Earth Magic
  2019 | D:3      | Reached skill level 1 in Poison Magic
  2497 | D:3      | Reached XP level 5. HP: 40/43 MP: 6/6
  3306 | D:4      | Noticed Grinder
  3312 | D:4      | Paralysed by Grinder for 2 turns
  3345 | D:3      | Reached skill level 8 in Stealth
  3749 | D:4      | Reached XP level 6. HP: 50/50 MP: 8/8
  3986 | D:4      | Killed Grinder
  3986 | D:4      | Reached ** piety under Okawaru
  3987 | D:4      | Reached skill level 5 in Fighting
  3987 | D:4      | Reached skill level 5 in Short Blades
  3987 | D:4      | Reached skill level 5 in Throwing
  3987 | D:4      | Reached XP level 7. HP: 38/56 MP: 8/10
  4641 | D:5      | Entered Level 5 of the Dungeon
  4737 | D:5      | Found a transporter.
  4737 | D:5      | Noticed p0werm0de's ghost (novice DjCK)
  4738 | D:5      | Found a transporter.
  4738 | D:5      | Identified the +6 dire flail "Demonbane" {vorpal, rElec
                  | Will+++ Str-5 Int-3}
  5374 | D:5      | Found a staircase to the Ecumenical Temple.
  5507 | D:5      | Reached XP level 8. HP: 32/63 MP: 12/12
  6067 | D:3      | Bought a notched iron ring for 155 gold pieces
  6067 | D:3      | Bought a scroll labelled QIVVOAGRIZ for 31 gold pieces
  6067 | D:3      | Bought a scroll labelled URPHIL TAQOSCH for 31 gold pieces
  6858 | D:6      | Upgraded the game from 0.28-a0-206-gc2c9e32840 to
                  | 0.28-a0-224-g76b539d98b
  6908 | D:6      | Learned a level 1 spell: Magic Dart
  7309 | D:7      | Reached *** piety under Okawaru
  7684 | D:7      | Reached XP level 9. HP: 65/69 MP: 14/14
  8014 | D:7      | Received a gift from Okawaru
  8173 | D:7      | Reached skill level 5 in Dodging
  8264 | D:7      | Reached skill level 9 in Stealth
  8483 | D:8      | Slain by a wight

Illustrated notes

Levels and vault maps discovered:
D:1:      heliophobic_arrival_dark_side_of_the_moon, layout_basic
D:2:      layout_basic, hellmonk_ecumenical_altar_zigzags, minmay_pentomino_s2
D:3:      layout_basic, portal_sewer_entry_f, serial_shops, shop,
          nrook_campfire, minmay_goblin_outpost
D:4:      layout_basic, st_stairs_7, uniq_grinder
D:5:      layout_loops_ring, minmay_temple_entry_poolview, gammafunk_ghost_smash
D:6:      layout_loops_ring
D:7:      layout_cave_pools, corner_web_ring, grunt_ministairs_2
D:8:      layout_rooms, mainiacjoe_overflow_tiny_flanked, special_room
          [special_room_kobold], minivault_19, uniq_grum, uniq_psyche,
          uniq_joseph, uniq_gastronok

Skill      XL: |  1  2  3  4  5  6  7  8  9 |
---------------+----------------------------+-----
Long Blades    | 1 2 3 4 |  4.2
Axes           | 1 2 3 4 |  4.2
Maces & Flails | 1 2 3 4 |  4.2
Polearms       | 1 2 3 4 |  4.2
Staves         | 1 2 3 4 |  4.2
Slings         | 1 2 3 4 |  4.2
Bows           | 1 2 3 4 |  4.2
Crossbows      | 1 2 3 4 |  4.2
Armour         | 1 2 3 4 |  4.2
Shields        | 1 2 3 4 |  4.2
Unarmed Combat | 1 2 3 4 |  4.2
Spellcasting   | 1 2 3 4 |  4.2
Invocations    | 1 2 3 4 |  4.6
Evocations     | 1 2 3 4 |  4.2
Conjurations   | 1 2 3 |  3.5
Hexes          | 1 2 3 |  3.5
Summonings     | 1 2 3 |  3.5
Necromancy     | 1 2 3 |  3.5
Translocations | 1 2 3 |  3.5
Transmutations | 1 2 3 |  3.5
Fire Magic     | 1 2 3 |  3.5
Ice Magic      | 1 2 3 |  3.5
Air Magic      | 1 2 3 |  3.5
Earth Magic    | 1 2 3 |  3.5
Poison Magic   | 1 2 3 |  3.5
Dodging        | 3 4 5 |  5.0
Stealth        | 8 9 |  9.0
Fighting       | 5 6 |  6.3
Short Blades   | 5 6 |  6.3
Throwing       | 5 6 |  6.3

Action                   |  1- 3 |  4- 6 |  7- 9 || total
-------------------------+-------+-------+-------++-------
Melee: Dagger            |    47 |   189 |   301 ||   537
       Bite              |     4 |    14 |    36 ||    54
       Punch             |       |     1 |     5 ||     6
Throw: Stone             |    84 |    74 |   141 ||   299
       Dart              |       |     5 |       ||     5
 Abil: Evoke Invisibilit |       |       |     1 ||     1
  Use: Scroll            |     5 |     3 |    13 ||    21
 Stab: Sleeping          |       |     6 |    10 ||    16
Armor: Robe              |     7 |    20 |    39 ||    66
Dodge: Dodged            |    20 |    87 |   186 ||   293

Table legend: (Time is in decaauts)
 A = Elapsed time spent in this place.
 B = Non-inter-level travel time spent in this place.
 C = Inter-level travel time spent in this place.
 D = Time resting spent in this place.
 E = Time spent auto-exploring this place.
 F = Levels seen in this place.
 G = Mean time per level.
                   A        B        C        D        E       F      G
               +--------+--------+--------+--------+--------+-----+--------+
         Total |   8288 |   8038 |    250 |    637 |   6065 |   8 | 1036.0 |
       Dungeon |   8288 |   8038 |    250 |    637 |   6065 |   8 | 1036.0 |
               +--------+--------+--------+--------+--------+-----+--------+

Top non-repeatable levels by time:
     D:3: 1511 daAuts
     D:5: 1453 daAuts
     D:4: 1242 daAuts
     D:7: 1136 daAuts
     D:2: 1101 daAuts
     D:6: 1031 daAuts
     D:1: 786 daAuts
     D:8: 24 daAuts
